 Dungeon Crawl Stone Soup version 0.30.1-11-g7821555f0a (webtiles) character file.

Game seed: 246526015721581535

23 monsoonserge the Conjurer (level 2, -4/17 HPs)
             Began as a Tengu Reaver on Jan 10, 2024.
             Slain by a worm (7 damage)
             ... on level 2 of the Dungeon.
             The game lasted 00:02:47 (1029 turns).

monsoonserge the Conjurer (Tengu Reaver)            Turns: 1029, Time: 00:02:48

Health: -4/17      AC:  3    Str: 12    XL:     2   Next: 95%
Magic:  6/6        EV: 11    Int: 13    God:
Gold:   28         SH:  0    Dex: 12    Spells: 4/5 levels left

rFire   . . .        a - +0 mace
rCold   . . .        (no shield)
rNeg    . . .        b - +0 leather armour
rPois   .            (helmet restricted)
rElec   .            (no cloak)
rCorr   .            (no gloves)
SInv    .            (boots unavailable)
Will    .....        (no amulet)
Stlth   +            (no ring)
HPRegen 0.22/turn    (no ring)
MPRegen 0.10/turn

%: no passive effects
@: no status effects
A: beak, talons 3
a: no special abilities


You were on level 2 of the Dungeon.
You visited 1 branch of the dungeon, and saw 2 of its levels.

You collected 28 gold pieces.

Inventory:

Hand Weapons
 a - a +0 mace (weapon)
Missiles
 m - a throwing net
Armour
 b - a +0 leather armour (worn)
Scrolls
 c - a scroll of immolation {unknown}
 d - 3 scrolls of identify {unknown}
 e - a scroll of amnesia {unknown}
 f - a scroll of silence {unknown}
 h - a scroll of fog {unknown}
 j - a scroll of blinking {unknown}
Potions
 g - a potion of curing {unknown}
 i - a potion of lignification {unknown}
 k - a potion of cancellation {unknown}
 l - a potion of ambrosia {unknown}


   Skills:
 + Level 2.1 Fighting
 + Level 3.9 Maces & Flails
 + Level 0.2 Armour
 + Level 2.2 Dodging
 - Level 2.0 Spellcasting
 + Level 4.2 Conjurations
 - Level 1.0 Necromancy


You had 4 spell levels left.
You knew the following spells:

 Your Spells              Type           Power      Damage    Failure   Level
a - Kiss of Death         Conj/Necr      32%        2d7       11%         1

Your spell library contained the following spells:

 Spells                   Type           Power      Damage    Failure   Level
 Momentum Strike          Conj/Tloc      12%        3d8       21%         2
 Hailstorm                Conj/Ice       6%         3d4       38%         3


Dungeon Overview and Level Annotations

Branches:
Dungeon (2/15)

Altars:


Innate Abilities, Weirdness & Mutations

You have a beak for a mouth.
You have claws for feet.


Message History

Things that are here:
a +0 dagger; 5 stones
Found a mace.
There is a fountain of sparkling water here.
You see here a +0 mace.
Done exploring.
Done exploring.
There is an open door here.
There is a stone staircase leading down here.
You climb downwards.
There is a stone staircase leading up here.
l - an inky potion
m - a throwing net A hobgoblin comes into view.
The hobgoblin shouts!
The hobgoblin hits you.
You hit the hobgoblin but do no damage. The hobgoblin barely misses you.
You hit the hobgoblin.
The hobgoblin is lightly wounded.
The hobgoblin hits you but does no damage.
You hit the hobgoblin.
The hobgoblin is severely wounded.
The hobgoblin hits you.
You thump the hobgoblin!
You kill the hobgoblin!
HP restored.
Found a stone staircase leading down.
There is a stone staircase leading down here.
A worm comes into view.
You hit the worm. You peck the worm.
The worm is moderately wounded.
The worm bites you.
You hit the worm. Your kick misses the worm.
The worm is heavily wounded.
The worm bites you!
* * * LOW HITPOINT WARNING * * *
You barely miss the worm. You claw the worm.
The worm is severely wounded.
The worm bites you!
You die...

### .... .#... #######
......#.....#
#.....#@###.#
##....#w###.####
######.##.....#
......##.....#########
#########...........>..
#.....######### #.....#
###.### #.#


You could see a worm.

Vanquished Creatures
  2 dart slugs (D:1)
  An endoplasm (D:1)
  2 giant cockroaches (D:1)
  3 hobgoblins
  2 bats (D:1)
  3 frilled lizards (D:1)
  3 kobolds (D:1)
  3 rats (D:1)
19 creatures vanquished.

Notes
Turn   | Place    | Note
-------+----------+-------------------------------------------
     0 | D:1      | monsoonserge the Tengu Reaver began the quest for the Orb.
     0 | D:1      | Reached XP level 1. HP: 12/12 MP: 4/4
   303 | D:1      | Reached XP level 2. HP: 17/17 MP: 6/6
   801 | D:1      | Reached skill level 1 in Necromancy
  1029 | D:2      | Slain by a worm

Illustrated notes

Levels and vault maps discovered:
D:1:      amcnicky_arrival_gap_in_the_tavern_cellar, layout_loops_corners,
          fountainhead
D:2:      layout_loops_ring, basic_altar, serial_co_window_serial,
          co_window_corner_a, co_window_of_opportunity_a,
          co_window_of_opportunity_a, co_window_corner_a, co_window_paths_b,
          co_window_paths_a, co_window_corner_a, co_window_cross_4,
          co_window_broadway_a, co_window_2corner, co_window_paths_e,
          minmay_heptomino_l4

Skill      XL: |  1  2 |
---------------+-------+-----
Necromancy     | 1 |  1.0
Fighting       | |  2.1
Maces & Flails | |  3.9
Armour         | |  0.2
Dodging        | |  2.2
Spellcasting   | |  2.0
Conjurations   | |  4.2

Action                     || total
---------------------------++-------
  Melee: Mace              ||    45
         Kick              ||     7
         Peck              ||     2
   Stab: Sleeping          ||     1
 Armour: Leather armour    ||    10
  Dodge: Dodged            ||    19
